 Dungeon Crawl Stone Soup version 0.13-a0-2733-g5d3b754 (webtiles) character file.

36143 4tharraofdagon the Severer (level 13, 0/110 HPs)
             Began as a Djinni Berserker on Aug 20, 2013.
             Was an Elder of Trog.
             Killed from afar by a deep elf annihilator (49 damage)
             ... with an iron shot
             ... on Level 3 of the Elven Halls.
             The game lasted 00:58:14 (5871 turns).

4tharraofdagon the Severer (Djinni Berserker)       Turns: 5871, Time: 00:58:15

HP   0/110       AC 22     Str 24      XL: 13   Next: 45%
MP   0/0         EV  3     Int  8      God: Trog [****..]
Gold 1144        SH 25     Dex 14      Spells:  0 memorised, 12 levels left

Res.Fire  : + + +   See Invis. : +   J - +0,+6 war axe "Cooto" {drain, rPois}
Res.Cold  : x . .   Warding    : .   B - +7 chain mail of the Saviour {Str+3 Acc-3}
Life Prot.: + + +   Conserve   : .   t - +0 large shield of the Zebra {+Blink rF++
Res.Poison: +       Res.Corr.  : .   G - +2 spiked helmet
Res.Elec. : .       Clarity    : .   f - +0 cloak
Sust.Abil.: . .     Spirit.Shd : .   (no gloves)
Res.Mut.  : .       Stasis     : .   (boots unavailable)
Res.Rott. : .       Flight     : .   (no amulet)
Saprovore : . . .                    (no ring)
                                     D - ring of Bodily Harmony {Dam+6 SInv Stlth++

@: regenerating, about to teleport, exhausted, very slightly contaminated,
slowed, very slow, very resistant to hostile enchantments, extremely unstealthy
A: fire immunity, cold vulnerability, life protection 3
a: Burn Spellbooks, Berserk, Trog's Hand, Brothers in Arms, Renounce Religion,
Evoke Blink


You were on level 3 of the Elven Halls.
You worshipped Trog.
Trog was extremely pleased with you.
You were not hungry.

You visited 4 branches of the dungeon, and saw 14 of its levels.
You also visited: Ossuary and Wizlab.

You collected 1743 gold pieces.
You spent 619 gold pieces at shops.

Inventory:

Hand weapons
 a - a +0,+0 hand axe {=f}
 E - a +2,+2 orcish war axe
 I - a +0,+1 orcish war axe
 J - the +0,+6 war axe "Cooto" (weapon) {drain, rPois}
   (You bought it in a shop on level 4 of the Orcish Mines)

   A truly terrible weapon, it drains the life of those it strikes.
   It protects you from poison.
 K - a +0,+0 orcish battleaxe
 L - a +0,+0 orcish battleaxe
 M - a +1,+1 great mace of protection
 N - a +6,+3 anti-magic demon blade
 P - a +0,+1 demon whip of venom
Missiles
 Q - 2 throwing nets (quivered)
Armour
 b - a cursed +0 animal skin
 d - a +0 plate armour
 f - a +0 cloak (worn)
 l - a cursed +0 orcish ring mail
 t - the +0 large shield of the Zebra (worn) {+Blink rF++ SInv Stlth+}
   (You took it off Louise on level 2 of the Elven Halls)

   It greatly protects you from fire.
   It enhances your eyesight.
   It lets you blink.
   It makes you much more stealthy.
 w - a cursed -2 plate armour
 A - a +0 crested helmet
 B - the +7 chain mail of the Saviour (worn) {Str+3 Acc-3}
   (You found it on level 5 of the Dungeon)

   It affects your strength (+3).
   It affects your accuracy (-3).
 G - a +2 spiked helmet (worn)
Magical devices
 p - a wand of random effects (15) {unknown}
 y - a wand of frost (11)
 F - a wand of paralysis (3) {unknown}
Scrolls
 e - a scroll of teleportation
 g - 3 scrolls of recharging {unknown}
 i - a scroll of blinking
 j - a scroll of remove curse
 O - a scroll of summoning
Jewellery
 x - an uncursed ring of hunger {unknown}
 C - an uncursed ring of wizardry
 D - the ring of Bodily Harmony (left hand) {Dam+6 SInv Stlth++}
   (You bought it in a shop on level 5 of the Dungeon)

   [ring of see invisible]

   It affects your damage-dealing abilities (+6).
   It makes you much more stealthy.
Potions
 c - a potion of confusion {unknown}
 h - a potion of degeneration {unknown}
 k - 3 potions of heal wounds
 m - a potion of might {unknown}
 n - a potion of resistance
 o - a potion of flight {unknown}
 q - 4 potions of curing
 r - a potion of slowing
 s - 7 potions of brilliance
 v - a potion of restore abilities
 z - 3 potions of poison
 H - a potion of agility


   Skills:
 + Level 11.9 Fighting
 * Level 16.2 Axes
 - Level 6.7 Armour
 - Level 1.7 Dodging
 - Level 3.6 Evocations


You had 12 spell levels left.
You didn't know any spells.

Dungeon Overview and Level Annotations

Branches:
Dungeon (6/27)             Temple (1/1) D:5             Orc (4/4) D:6
    Elf (3/3) Orc:4

Altars:
Cheibriados
Elyvilon
Fedhas
Makhleb
Nemelex Xobeh
Okawaru
Sif Muna
Trog
Vehumet
Xom
Yredelemnul
Zin
Beogh

Shops:
D:5: = Orc:1: ( Orc:4: (([*

Annotations
Orc:2 ICE DRAG!!!!!!!!!!
Elf:2 exclusion: upstairs


Innate Abilities, Weirdness & Mutations

You are immune to all types of fire, even holy and hellish.
You are vulnerable to cold.
You need no food.
You have no legs.
You are immune to negative energy.


Message History

The deep elf annihilator mumbles some strange words.
The deep elf annihilator blinks!
The deep elf death mage points at you and mumbles some strange words.
The bolt of negative energy hits you! You resist.
The bolt of negative energy hits the ynoxinul.
The ynoxinul completely resists.
The deep elf fighter mumbles some strange words.
You feel a wave of unholy energy pass over you.
The ynoxinul gestures at you. The iron shot hits you!
* * * LOW HITPOINT WARNING * * *
The deep elf sorcerer hits you with an elven long sword.
* * * LOW HITPOINT WARNING * * *
A deep elf demonologist comes into view.
It is wielding an elven short sword.
Unknown command.
Drink which item? (? for menu, Esc to quit)
You feel much better.
It was a potion of heal wounds.
The deep elf annihilator points at you and mumbles some strange words.
The iron shot hits you!
You die...

#.# #.# ..
#.# #.# ..e#
#####.# #.#
§4.e.#
#.....###.#
.....e5##
####.......
..e.5e5e##
####.####.#
.....#ee4##
#....# #.#
...e.###e3.#
###### #..
#e..#e@3#
###
##...ee##
##.§.## ##.#
##


You could see 3 deep elf annihilators, a deep elf death mage, a deep elf
sorcerer, 4 deep elf demonologists, a deep elf knight (invisible), a blue devil,
2 ynoxinuls, a rotting devil, 3 deep elf fighters, a deep elf mage, a white imp,
a lemure and a shadow imp.

Vanquished Creatures
  Saint Roka (Orc:4)
  Louise (Elf:2)
  4 deep elf annihilators
  A spectral elf (Elf:3)
  2 deep elf death magi (Elf:3)
  Erica (Orc:3)
  An orc high priest (Orc:4)
  Nergalle (Orc:2)
  9 deep elf knights
  Pikel (D:5)
  An orc sorcerer (Orc:4)
  8 deep elf conjurers
  2 deep elf summoners
  The ghost of Gruud the Spear-Bearer, an experienced DjWr of Nemelex Xobeh (D:5)
  A troll (Orc:3)
  A two-headed ogre (Orc:4)
  An air elemental (WizLab)
  2 deep elf priests (Elf:2)
  13 deep elf magi
  10 deep elf fighters
  A slave (D:6)
  31 orc warriors
  3 ogres
  A centaur (D:6)
  2 wargs (Orc:4)
  A giant frog (D:6)
  A quasit (Elf:2)
  2 crimson imps
  A goliath beetle (D:6)
  22 orc priests
  2 hounds
  24 orc wizards
  An iron imp (Elf:2)
  An iguana (D:6)
  A spider (Elf:3)
  A worker ant (D:6)
  A scorpion (D:6)
  An orange rat (Elf:3)
  A big kobold zombie (Ossuary)
  Ijyb (D:5)
  11 mummies
  2 adders
  A lemure (Elf:2)
  2 shadow imps (Elf:2)
  A white imp (Elf:2)
  A worm (D:5)
  6 ufetubi
  An adder skeleton (D:6)
  A giant gecko (D:2)
  172 orcs
  5 giant cockroaches
  9 goblins
  8 hobgoblins
  3 jackals (D:2)
  A quokka (D:5)
  2 ball pythons (D:3)
  A bat (D:2)
  4 giant newts
  2 gnoll zombies (Ossuary)
  A hobgoblin zombie (Ossuary)
  A kobold (D:2)
  A kobold zombie (Ossuary)
  3 orc zombies (Ossuary)
  4 rats
  A rat skeleton (D:6)
  4 spectral orcs (Orc:2)
409 creatures vanquished.

Vanquished Creatures (collateral kills)
  2 deep elf blademasters (Elf:3)
  A deep elf demonologist (Elf:3)
  A deep elf annihilator (Elf:3)
  A deep elf high priest (Elf:3)
  An orc high priest (Orc:4)
  A hellwing (Orc:4)
  A deep elf mage (Elf:2)
  An ice beast (Elf:2)
  3 orc warriors (Orc:4)
  A warg (Orc:4)
  An orc priest (Orc:4)
  4 orcs (Orc:4)
18 creatures vanquished.

Vanquished Creatures (others)
  A deep elf high priest (Elf:3)
  A deep elf knight (Elf:2)
  A two-headed ogre (Elf:3)
  A deep elf mage (Elf:1)
  An ice beast (D:5)
  An orc wizard (D:6)
  An orc (Orc:2)
7 creatures vanquished.

Grand Total: 434 creatures vanquished

Notes
Turn   | Place    | Note
--------------------------------------------------------------
     0 | D:1      | 4tharraofdagon, the Djinni Berserker, began the quest for the Orb.
     0 | D:1      | Reached XP level 1. HP: 16/16 MP: 0/0
    54 | D:2      | Reached XP level 2. EP: 22/22
    83 | D:2      | Reached skill level 3 in Axes
   138 | D:2      | Acquired Trog's second power
   335 | D:4      | Noticed an ogre
   345 | D:4      | Killed an ogre
   345 | D:4      | Reached skill level 4 in Axes
   345 | D:4      | Reached XP level 3. EP: 29/29
   345 | D:4      | Reached XP level 4. EP: 35/35
   494 | D:4      | Reached XP level 5. EP: 4/41
   494 | D:4      | HP: 1/59 [orc/orcish dagger (3)]
   572 | D:4      | Found a sand-covered staircase.
   606 | Ossuary  | Entered an ossuary
   773 | Ossuary  | Reached XP level 6. EP: 11/48
   924 | D:4      | Reached skill level 5 in Axes
   994 | D:5      | Entered Level 5 of the Dungeon
   994 | D:5      | Noticed Gruud's ghost (experienced DjWr)
  1000 | D:5      | Killed Gruud's ghost
  1000 | D:5      | Reached XP level 7. EP: 54/54
  1062 | D:5      | Found a staircase to the Ecumenical Temple.
  1084 | Temple   | Entered the Ecumenical Temple
  1205 | D:5      | Got a warped chain mail
  1206 | D:5      | Identified the +7 chain mail of the Saviour {Str+3 Acc-3} (You found it on level 5 of the Dungeon)
  1319 | D:5      | Noticed Ijyb
  1378 | D:5      | Killed Ijyb
  1378 | D:5      | Reached skill level 6 in Axes
  1405 | D:5      | Found Etifodu's Jewellery Shoppe.
  1437 | D:5      | Turgon: h!!
  1443 | D:5      | Turgon: Nice ring
  1478 | D:5      | Noticed Pikel
  1502 | D:6      | Reached skill level 5 in Armour
  1580 | D:5      | Killed Pikel
  1580 | D:5      | Reached skill level 5 in Fighting
  1580 | D:5      | Reached skill level 7 in Axes
  1580 | D:5      | Reached XP level 8. EP: 62/62
  1769 | D:5      | Bought the ring of Bodily Harmony {Dam+6 SInv Stlth++} for 380 gold pieces
  1775 | D:5      | Turgon: wow, nice start
  1818 | D:6      | 4tharraofdagon: yea
  1818 | D:6      | 4tharraofdagon: but this axe pisses me off
  1835 | D:6      | Turgon: You got a ring of wiz that early
  1864 | D:6      | Turgon: In my game I'm XL 18 and still waiting for staff/ring wiz
  1886 | D:6      | Found a staircase to the Orcish Mines.
  2095 | D:6      | Reached skill level 8 in Axes
  2142 | D:6      | 4tharraofdagon: evo increases mp?
  2177 | D:6      | Turgon: the higher value of evo/SPC afaik
  2203 | Orc:1    | Entered Level 1 of the Orcish Mines
  2206 | Orc:1    | 4tharraofdagon: are you sure
  2206 | Orc:1    | Turgon: I can look it up
  2206 | Orc:1    | 4tharraofdagon: because im sure about invo
  2371 | Orc:2    | Turgon: Oh sorry, invo ofc
  2425 | Orc:1    | Reached XP level 9. EP: 61/70
  2427 | Orc:1    | Acquired Trog's third power
  2427 | Orc:1    | Reached skill level 1 in Evocations
  2459 | Orc:1    | Turgon: I didn't expect to still mix up invo and evo
  2538 | Orc:1    | Found Roacw's Weapon Shoppe.
  2617 | Orc:2    | 4tharraofdagon: look lol
  2641 | Orc:3    | Noticed Erica
  2653 | Orc:3    | Killed Erica
  2653 | Orc:3    | Reached skill level 9 in Axes
  2868 | Orc:3    | Found a roughly hewn altar of Beogh.
  3125 | Orc:2    | Noticed Nergalle
  3152 | Orc:2    | Killed Nergalle
  3152 | Orc:2    | Reached skill level 10 in Axes
  3152 | Orc:2    | Reached XP level 10. EP: 59/84
  3351 | Orc:4    | Entered Level 4 of the Orcish Mines
  3352 | Orc:4    | 4tharraofdagon: hi
  3380 | Orc:4    | Noticed an orc sorcerer
  3383 | Orc:4    | Found a staircase to the Elven Halls.
  3389 | Orc:4    | Received a gift from Trog
  3390 | Orc:4    | Killed an orc sorcerer
  3423 | Orc:4    | 4tharraofdagon: hahaha
  3423 | Orc:4    | 4tharraofdagon: wtf
  3447 | Orc:4    | Found a roughly hewn altar of Beogh.
  3572 | Orc:4    | Found Naic's General Store.
  3572 | Orc:4    | Found a roughly hewn altar of Beogh.
  3587 | Orc:4    | Reached skill level 11 in Axes
  3610 | Orc:4    | Bought a potion of agility for 32 gold pieces
  3686 | Orc:4    | Found a roughly hewn altar of Beogh.
  3758 | Orc:4    | Found a roughly hewn altar of Beogh.
  3839 | Orc:4    | Found a roughly hewn altar of Beogh.
  3891 | Orc:4    | Found a roughly hewn altar of Beogh.
  3922 | Orc:4    | Found Qiuganik's Antique Weapon Shoppe.
  3929 | Orc:4    | Bought a twisted war axe for 207 gold pieces
  3931 | Orc:4    | Identified the war axe "Cooto" {drain, rPois} (You bought it in a shop on level 4 of the Orcish Mines)
  4049 | Orc:4    | Found a roughly hewn altar of Beogh.
  4113 | Orc:3    | Received a gift from Trog
  4189 | Orc:4    | Noticed an orc high priest
  4208 | Orc:4    | Killed an orc high priest
  4208 | Orc:4    | Reached skill level 12 in Axes
  4208 | Orc:4    | Reached XP level 11. EP: 34/91
  4281 | Orc:4    | Noticed Saint Roka
  4291 | Orc:4    | Noticed an orc high priest
  4299 | Orc:4    | Killed Saint Roka
  4306 | Orc:4    | Killed an orc high priest
  4323 | Orc:4    | Found a roughly hewn altar of Beogh.
  4323 | Orc:4    | Found Pla Klis' Antique Armour Shop.
  4340 | Orc:4    | Reached skill level 13 in Axes
  4355 | Orc:4    | Found Axkuntia's Antique Weapon Boutique.
  4424 | Elf:1    | Entered Level 1 of the Elven Halls
  4424 | Elf:1    | Noticed a deep elf knight
  4424 | Elf:1    | Noticed a deep elf knight
  4430 | Elf:1    | Killed a deep elf knight
  4441 | Elf:1    | Killed a deep elf knight
  4478 | Elf:1    | Received a gift from Trog
  4492 | Elf:1    | 4tharraofdagon: oh god
  4522 | Elf:1    | Reached skill level 10 in Fighting
  4584 | Elf:1    | Noticed a deep elf knight
  4589 | Elf:1    | Killed a deep elf knight
  4589 | Elf:1    | Reached XP level 12. EP: 85/102
  4600 | Elf:1    | Noticed a deep elf knight
  4609 | Elf:1    | Killed a deep elf knight
  4626 | Elf:1    | Noticed a deep elf demonologist
  4626 | Elf:1    | Noticed a deep elf knight
  4626 | Elf:1    | Noticed a deep elf knight
  4626 | Elf:1    | Noticed a deep elf sorcerer
  4636 | Elf:2    | Killed a deep elf knight
  4636 | Elf:2    | Reached skill level 14 in Axes
  4888 | Elf:2    | Noticed Louise
  4889 | Elf:2    | Found a magical portal.
  4916 | Elf:2    | Killed Louise
  4919 | Elf:2    | Got a brightly glowing large shield
  4954 | WizLab   | Entered a wizard's laboratory
  4962 | WizLab   | 4tharraofdagon: what are rewards here
  4975 | Elf:2    | Identified the +0 large shield of the Zebra {+Blink rF++ SInv Stlth+} (You took it off Louise on level 2 of the Elven Halls)
  5001 | Elf:2    | Noticed a deep elf annihilator
  5007 | Elf:2    | Killed a deep elf annihilator
  5013 | Elf:2    | Reached skill level 15 in Axes
  5071 | Elf:3    | Entered Level 3 of the Elven Halls
  5322 | Elf:3    | Noticed a deep elf annihilator
  5331 | Elf:3    | Noticed a deep elf death mage
  5347 | Elf:3    | Bloax: enjoy anal rape
  5378 | Elf:3    | Bloax: fortunately teleportation is usually Get Out Of Jail Free card
  5463 | Elf:3    | 4tharraofdagon: why
  5501 | Elf:3    | Killed a deep elf death mage
  5541 | Elf:3    | Noticed a deep elf high priest
  5545 | Elf:3    | Killed a deep elf high priest
  5545 | Elf:3    | Reached XP level 13. EP: 107/109
  5550 | Elf:3    | Noticed a deep elf demonologist
  5551 | Elf:3    | Noticed a deep elf annihilator
  5551 | Elf:3    | Noticed a deep elf death mage
  5596 | Elf:3    | Killed a deep elf annihilator
  5602 | Elf:3    | Killed a deep elf death mage
  5663 | Elf:3    | Noticed a deep elf blademaster
  5677 | Elf:3    | Killed a deep elf blademaster
  5678 | Elf:3    | Noticed a deep elf annihilator
  5678 | Elf:3    | Noticed a deep elf annihilator
  5681 | Elf:3    | Killed a deep elf demonologist
  5683 | Elf:3    | Killed a deep elf annihilator
  5684 | Elf:3    | Killed a deep elf annihilator
  5743 | Elf:3    | Noticed a deep elf annihilator
  5789 | Elf:3    | Killed a deep elf annihilator
  5789 | Elf:3    | Reached skill level 16 in Axes
  5838 | Elf:3    | Noticed a deep elf blademaster
  5841 | Elf:3    | Noticed a deep elf high priest
  5844 | Elf:3    | Killed a deep elf blademaster
  5857 | Elf:3    | Killed a deep elf high priest
  5862 | Elf:3    | Noticed a deep elf demonologist
  5868 | Elf:3    | Noticed a deep elf annihilator
  5868 | Elf:3    | Noticed a deep elf death mage
  5868 | Elf:3    | Noticed a deep elf demonologist
  5868 | Elf:3    | Noticed a deep elf sorcerer
  5868 | Elf:3    | Noticed a deep elf demonologist
  5870 | Elf:3    | Noticed a deep elf annihilator
  5870 | Elf:3    | Noticed a deep elf demonologist
  5871 | Elf:3    | Noticed a deep elf demonologist
  5871 | Elf:3    | Killed from afar by a deep elf annihilator

Action                   |  1- 3 |  4- 6 |  7- 9 | 10-12 | 13-15 || total
-------------------------+-------+-------+-------+-------+-------++-------
Melee: Hand axe          |    68 |    89 |   171 |       |       ||   328
       War axe           |       |       |   227 |   430 |    61 ||   718
       Battleaxe         |       |       |       |    20 |       ||    20
       Demon blade       |       |       |       |    13 |       ||    13
Invok: Berserk           |     1 |     5 |     6 |     5 |     4 ||    21
       Trog's Hand       |       |     4 |    16 |    35 |     6 ||    61
       Brothers in Arms  |       |       |       |     2 |     2 ||     4
Evoke: Wand              |       |       |       |     3 |       ||     3
  Use: Potion            |       |     1 |     1 |       |     3 ||     5
       Scroll            |       |       |     8 |    12 |     2 ||    22
